 Dungeon Crawl Stone Soup version 0.19-a0-526-gbe2e51c (webtiles) character file.

802 Duffy the Basher (level 7, -5/62 HPs)
             Began as a Naga Fighter on June 7, 2016.
             Splashed by a jelly's acid (9 damage)
             ... on level 6 of the Dungeon.
             The game lasted 00:07:19 (4420 turns).

Duffy the Basher (Naga Fighter)                     Turns: 4420, Time: 00:07:20

Health: -5/62      AC:  0    Str: 21    XL:     7   Next: 91%
Magic:  7/7        EV:  3    Int:  8    God:
Gold:   150        SH:  8    Dex: 10    Spells: 0 memorised, 6 levels left

rFire  . . .     SeeInvis +     a - +0 flail
rCold  . . .     Gourm    .     e - +0 chain mail
rNeg   . . .     Faith    .     c - +0 shield
rPois  +         Spirit   .     i - +0 helmet
rElec  .         Dismiss  .     (no cloak)
rCorr  .         Reflect  .     (no gloves)
SustAt .         Harm     .     (no barding)
MR     .....                    (no amulet)
Stlth  ..........               (no ring)
                                (no ring)

@: corroded, very slow, not resistant to hostile enchantments, extremely
unstealthy
A: see invisible, deformed body, poison resistance, slowness 2, slow metabolism
1, spit poison 2, AC +2
a: Spit Poison


You were on level 6 of the Dungeon.
You were hungry.

You visited 1 branch of the dungeon, and saw 6 of its levels.

You collected 150 gold pieces.


Innate Abilities, Weirdness & Mutations

You cannot wear boots.
Your serpentine skin is tough. (AC +2)
You have supernaturally acute eyesight. (SInv)
Armour fits poorly on your strangely shaped body.
Your system is resistant to poisons. (rPois)
You cover ground very slowly.
You have a slow metabolism.
You can spit poison.


   Skills:
 + Level 3.1 Fighting
 - Level 8.8 Maces & Flails
 - Level 2.4 Armour
 - Level 2.4 Shields


You had 6 spell levels left.
You didn't know any spells.

Inventory:

Hand Weapons
 a - a +0 flail (weapon)
Armour
 b - a +0 scale mail
 c - a +0 shield (worn)
 e - a +0 chain mail (worn)
 i - a +0 helmet (worn)
Rods
 u - a +0 rod of ignition (12/12)
Wands
 j - a wand of enslavement (12/24)
Scrolls
 g - a scroll of amnesia {unknown}
 k - a scroll of fear {unknown}
 l - a scroll of enchant weapon {unknown}
 n - a scroll of recharging {unknown}
 o - 2 scrolls of random uselessness {unknown}
 p - a scroll of teleportation {unknown}
 s - a scroll of magic mapping {unknown}
 t - a scroll of remove curse {unknown}
 w - a scroll of enchant armour {unknown}
Potions
 h - 3 potions of curing
 m - a potion of cancellation
 r - a potion of flight
Comestibles
 f - 6 bread rations
 q - a meat ration

Dungeon Overview and Level Annotations

Branches:
Dungeon (6/15)
 Temple: D:4-7

Altars:
Fedhas
Nemelex Xobeh
Ru
Xom
Zin

Annotations:
D:6 Edmund


Message History

No target in view!
Found a stone staircase leading down.
There is a stone staircase leading down here.
You climb downwards.
Level annotation: Edmund
There is a stone staircase leading up here.
Unknown command.
You are feeling hungry.
All of the chunks of flesh in your inventory have rotted away.
A jelly comes into view.
Found a faintly glowing robe.
You hit the jelly.
Your hands burn!
The jelly is lightly wounded.
The jelly hits you but does no damage.
Your shield prevents you from hitting the jelly.
The jelly is lightly wounded.
The jelly hits you.
You are splashed with acid!
The acid burns!
Your chain mail prevents you from hitting the jelly.
The jelly is lightly wounded.
You block the jelly's attack.
You hit the jelly but do no damage. The acid corrodes you!
Your hands burn!
The jelly is lightly wounded.
The jelly hits you but does no damage.
You hit the jelly.
Your hands burn!
The jelly is moderately wounded.
You block the jelly's attack.
You hit the jelly but do no damage.
Your hands burn!
The jelly is moderately wounded.
You block the jelly's attack.
Your shield prevents you from hitting the jelly.
The jelly is moderately wounded.
The jelly hits you.
You are splashed with acid!
The acid burns!
Your chain mail prevents you from hitting the jelly.
The jelly is moderately wounded.
The jelly hits you.
You are splashed with acid!
The acid burns!
You are too injured to fight recklessly!
You are too injured to fight recklessly!
You thump the jelly!
Your hands burn!
The jelly is severely wounded.
You block the jelly's attack.
You hit the jelly. The acid corrodes you!
Your hands burn!
The jelly is severely wounded.
The jelly hits you.
You are splashed with acid!
The acid burns!
You hit the jelly but do no damage.
Your hands burn!
The jelly is severely wounded.
You block the jelly's attack.
Your shield and chain mail prevent you from hitting the jelly.
The jelly is severely wounded.
The jelly hits you.
You are splashed with acid!
The acid burns!
You die...

###
#.####.#####.#
#.....<......#
#.####@#####.#
#J#####+#
#........
#.....[..
#........
#........
......#..
.....## .
.....#


You could see a jelly.

Action                   |  1- 3 |  4- 6 |  7- 9 || total
-------------------------+-------+-------+-------++-------
Melee: Flail             |    71 |   187 |   107 ||   365
 Abil: Spit Poison       |     5 |    19 |     3 ||    27
  Use: Potion            |       |     2 |       ||     2
       Scroll            |       |     3 |     2 ||     5
 Stab: Invisible         |       |     5 |       ||     5
  Eat: Chunk             |       |     3 |     2 ||     5
       Bread ration      |       |     1 |       ||     1
Armor: Scale mail        |    28 |       |       ||    28
       Chain mail        |     3 |   140 |    51 ||   194
Dodge: Dodged            |    20 |    38 |    10 ||    68
Block: Shield            |    38 |   137 |    47 ||   222

Notes
Turn   | Place    | Note
--------------------------------------------------------------
     0 | D:1      | Duffy the Naga Fighter began the quest for the Orb.
     0 | D:1      | Reached XP level 1. HP: 21/21 MP: 1/1
   283 | D:2      | Reached XP level 2. HP: 21/28 MP: 2/2
   344 | D:2      | Reached skill level 3 in Maces & Flails
   555 | D:2      | Reached XP level 3. HP: 22/34 MP: 3/3
  1016 | D:3      | Reached skill level 4 in Maces & Flails
  1016 | D:3      | Reached XP level 4. HP: 42/42 MP: 4/4
  1713 | D:3      | Reached skill level 5 in Maces & Flails
  1736 | D:3      | Reached XP level 5. HP: 49/49 MP: 5/5
  2092 | D:4      | Noticed Robin
  2113 | D:4      | Killed Robin
  2342 | D:4      | Reached skill level 6 in Maces & Flails
  2342 | D:4      | Reached XP level 6. HP: 32/56 MP: 6/6
  2643 | D:3      | Found a shimmering altar of Xom.
  2861 | D:4      | Found a glowing silver altar of Zin.
  3069 | D:3      | Reached skill level 7 in Maces & Flails
  3174 | D:2      | Found a sparkling altar of Nemelex Xobeh.
  3353 | D:5      | Entered Level 5 of the Dungeon
  3370 | D:5      | Reached XP level 7. HP: 31/62 MP: 7/7
  3729 | D:5      | Found a blossoming altar of Fedhas.
  3737 | D:5      | Found a sacrificial altar of Ru.
  3809 | D:5      | Reached skill level 8 in Maces & Flails
  3910 | D:6      | Noticed Edmund
  4420 | D:6      | Splashed by a jelly's acid

Skill      XL: |  1  2  3  4  5  6  7 |
---------------+----------------------+-----
Maces & Flails | 3 4 5 6 7 8 |  8.8
Fighting       | |  3.1
Armour         | |  2.4
Shields        | |  2.4

Vault maps used:
D:1:      co_arrival_random_square_maze
D:2:      nemelex_xobeh_ov_fountains_minmay, grunt_ministairs_2
D:3:      lemuel_round_altar
D:4:      zin_scriptorium, uniq_robin
D:5:      kennysheep_mini_moat, kennysheep_little_box, first_bread,
          minmay_misc_feat_plants, hex_tiny, water_boxes_lemuel
D:6:      minmay_temple_entry_purple_smoke, uniq_prince_ribbit1, uniq_edmund

Vanquished Creatures
  A centaur
  2 ogres
  2 howler monkeys
  4 hounds
  An orc wizard
  A giant frog skeleton
  4 iguanas
  A worker ant Robin
  4 gnolls
  5 adders
  2 oozes
  An adder skeleton
  A worm
  A dart slug
  2 giant geckos
  6 orcs
  4 bats
  2 giant cockroaches
  8 goblins
  6 hobgoblins
  12 jackals
  4 kobolds
  3 ball pythons
  2 giant gecko skeletons
  2 giant newts
  3 rats
85 creatures vanquished.
